 Dungeon Crawl Stone Soup version 0.23.1 (webtiles) character file.

Game seed: 10544117440347015463

9338 Velka138 the Zephyrmancer (level 11, 0/71 HPs)
             Began as a Tengu Air Elementalist on Mar 13, 2019.
             Was a Follower of Vehumet.
             Slain by a swamp worm (14 damage)
             ... on level 2 of the Lair of Beasts.
             The game lasted 00:32:38 (14425 turns).

Velka138 the Zephyrmancer (Tengu Air Elementalist) Turns: 14425, Time: 00:32:38

Health: 0/71       AC:  9    Str:  9    XL:     11   Next: 44%
Magic:  15/24      EV: 18    Int: 19    God:    Vehumet [*.....]
Gold:   518        SH:  0    Dex: 14    Spells: 16/26 levels left

rFire    . . .     SeeInvis .   g - +1 dagger (venom)
rCold    . . .     Gourm    .   (no shield)
rNeg     . . .     Faith    .   y - +3 leather armour
rPois    .         Spirit   .   (helmet restricted)
rElec    .         Reflect  .   v - +1 cloak
rCorr    .         Harm     .   q - +0 pair of gloves
MR       +....                  (boots unavailable)
Stlth    ++........             (no amulet)
HPRegen  0.21/turn              f - ring of protection from magic
MPRegen  0.19/turn              (no ring)

@: flying quickly and evasively, studying Translocations, invisible, quick
A: beak, talons 3, able to fly
a: Stop Flying, Renounce Religion


You were on level 2 of the Lair of Beasts.
You worshipped Vehumet.
Vehumet was aware of your devotion.
You were very hungry.

You visited 3 branches of the dungeon, and saw 11 of its levels.
You also visited: Ossuary.

You collected 518 gold pieces.

Inventory:

Hand Weapons
 g - a +1 dagger of venom (weapon)
 j - a +2 eveningstar
 l - a +1 mace of protection
Armour
 q - a +0 pair of gloves (worn)
 v - a +1 cloak (worn)
 y - a +3 leather armour (worn)
Jewellery
 f - a ring of protection from magic (left hand)
Wands
 t - a wand of digging (9)
Scrolls
 n - 4 scrolls of remove curse
 p - 2 scrolls of immolation
Potions
 a - a potion of lignification
 b - 3 potions of heal wounds
 d - 2 potions of resistance
 e - 7 potions of curing
 h - a potion of mutation {unknown}
 i - a potion of degeneration {unknown}
 k - 4 potions of agility
 o - a potion of might {unknown}
 r - a potion of brilliance {unknown}
 u - a potion of flight {unknown}
 x - a potion of haste {unknown}
Books
 s - a manual of Translocations
Comestibles
 c - 10 rations


   Skills:
 + Level 9.5 Fighting
 + Level 7.0 Dodging
 - Level 2.0 Stealth
 - Level 8.1 Spellcasting
 - Level 10.0 Conjurations
 - Level 10.1 Air Magic


You had 16 spell levels left.
You knew the following spells:

 Your Spells              Type           Power        Failure   Level  Hunger
a - Shock                 Conj/Air       ####         1%          1    None
b - Lightning Bolt        Conj/Air       #####.....   5%          5    #####..
d - Airstrike             Air            #####.....   1%          4    ###....

Your spell library contained the following spells:

 Spells                   Type           Power        Failure   Level  Hunger
 Throw Frost              Conj/Ice       ####..       2%          2    None
 Static Discharge         Conj/Air       #####...     1%          3    None
 Swiftness                Chrm/Air       ####....     2%          2    None


Dungeon Overview and Level Annotations

Branches:
Dungeon (8/15)             Temple (1/1) D:6            Lair (2/6) D:8
  Swamp: Lair:2-4    Shoals: Lair:2-4     Snake: Lair:2-4    Spider: Lair:2-4

Altars:
Cheibriados
Elyvilon
Fedhas
Gozag
Hepliaklqana
Kikubaaqudgha
Makhleb
Nemelex Xobeh
Okawaru
Qazlal
Ru
Sif Muna
Trog
Uskayaw
Vehumet
Wu Jian
Xom
Yredelemnul
Zin
The Shining One

Annotations:
D:5 1 runed translucent door, exclusion: door, cada's ghost, novice OpFi


Innate Abilities, Weirdness & Mutations

You have a beak for a mouth.
You have claws for feet.
You can fly continuously.


Message History

You feel much better. The swamp worm closely misses you.
Unknown command.
The swamp worm throws harpoon shot at you.
The harpoon shot hits you!
* * * LOW HITPOINT WARNING * * *
You are yanked forward by the harpoon shot.
A yak comes into view.
Unknown command.
As you read the scroll labeled SIVI MIBLUNK, it crumbles to dust.
This is a scroll of acquirement! [a] Weapon [b] Armour [c] Jewellery [d] Book [e] Staff [f] Evocable [g] Food [h] Gold (you have $518)
What kind of item would you like to acquire? [\] known items Something appears before you!
The swamp worm bites you!
* * * LOW HITPOINT WARNING * * *
Unknown command.
Okay, then.
You fade into invisibility!
The swamp worm bites you!
You die...

#.......##..##...### ...
##.#..###....#P...##
...####..#.##...........
...................<....
........................
........................
...............).........
#........................
#......w@..........##.#+.
#.................. .. .
#.....##w####..... ..
.#....##.## .....
#Y......#.## ....
##....#....# ...
#..w......P# ...
#..$..####### ##....


You could see a tyrant leech, a yak (wandering) and a swamp worm.

Vanquished Creatures
  2 hydras (Lair:1)
  Harold (D:6)
  Urug (Lair:1)
  A torpor snail (Lair:1)
  2 spiny frogs
  A komodo dragon (Lair:2)
  A queen bee (Lair:1)
  A blink frog (Lair:2)
  3 hippogriffs
  A hungry ghost (D:7)
  A swamp worm (Lair:2)
  Menkaure (D:7)
  Duvessa (D:6)
  2 porcupines (Lair:1)
  A water moccasin (Lair:1)
  An ice beast (D:5)
  2 sky beasts (D:8)
  An orc warrior (D:7)
  A necrophage (D:5)
  An ogre (D:7)
  2 centaurs
  A big kobold (D:8)
  5 bullfrogs
  A water moccasin zombie (D:7)
  2 wyvern skeletons
  Dowan (D:6)
  3 scorpions
  23 killer bees (Lair:1)
  2 crimson imps
  4 centaur zombies
  2 human zombies (Ossuary)
  A jelly (D:6)
  A quasit (D:5)
  An orc priest (D:5)
  2 centaur skeletons
  4 hounds
  3 iguanas
  5 orc wizards
  10 worker ants
  2 big kobold zombies (Ossuary)
  4 mummies
  2 hound zombies
  A worker ant zombie (D:6)
  14 adders
  4 gnolls (D:7)
  A shadow imp (D:7)
  4 oozes
  3 adder zombies
  4 worms
  A dart slug (D:2)
  7 leopard geckos
  16 orcs
  2 ball pythons
  3 giant cockroaches
  4 gnoll zombies (Ossuary)
  4 goblins (D:1)
  8 hobgoblins
  4 jackals (D:7)
  6 kobolds
  2 quokkas
  5 bats
  5 frilled lizards
  5 goblin zombies (Ossuary)
  3 hobgoblin zombies (Ossuary)
  2 jackal zombies (Ossuary)
  3 kobold zombies
  A leopard gecko skeleton (D:6)
  An orc zombie (Ossuary)
  2 quokka skeletons
  3 quokka zombies
  7 rats
  4 rat zombies (Ossuary)
236 creatures vanquished.

Vanquished Creatures (collateral kills)
  A killer bee (Lair:1)
1 creature vanquished.

Vanquished Creatures (others)
  4 fungi
  8 plants (Lair:2)
12 creatures vanquished.

Grand Total: 249 creatures vanquished

Notes
Turn   | Place    | Note
-------+----------+-------------------------------------------
     0 | D:1      | Velka138 the Tengu Air Elementalist began the quest for the
                  | Orb.
     0 | D:1      | Reached XP level 1. HP: 10/10 MP: 4/4
    59 | D:1      | Reached XP level 2. HP: 16/16 MP: 3/6
   630 | D:1      | Reached skill level 1 in Fighting
   630 | D:1      | Reached XP level 3. HP: 20/20 MP: 1/7
  1226 | D:2      | Found a blossoming altar of Fedhas.
  1435 | D:2      | Reached skill level 5 in Air Magic
  1556 | D:2      | Reached XP level 4. HP: 25/25 MP: 0/8
  2529 | D:3      | Learned a level 4 spell: Airstrike
  3332 | D:4      | Gained mutation: You can fly continuously. [Tengu growth]
  3332 | D:4      | Reached XP level 5. HP: 30/30 MP: 0/10
  3479 | D:4      | Found an iron altar of Okawaru.
  3649 | D:4      | Found a sand-covered staircase.
  3683 | Ossuary  | Entered an ossuary
  3888 | Ossuary  | Reached XP level 6. HP: 28/36 MP: 6/11
  4905 | Ossuary  | Reached XP level 7. HP: 21/41 MP: 6/13
  5180 | Ossuary  | Learned a level 5 spell: Lightning Bolt
  5613 | D:4      | Reached skill level 5 in Conjurations
  5787 | D:5      | Entered Level 5 of the Dungeon
  6341 | D:5      | Found a runed translucent door.
  6354 | D:5      | Reached XP level 8. HP: 20/48 MP: 2/15
  6680 | D:5      | Noticed cada's ghost (novice OpFi)
  7771 | D:6      | Noticed Dowan
  7775 | D:6      | Noticed Duvessa
  7904 | D:6      | Found a sparkling altar of Nemelex Xobeh.
  8054 | D:6      | Reached skill level 5 in Spellcasting
  8285 | D:7      | Found an iron altar of Okawaru.
  8326 | D:7      | Reached skill level 5 in Fighting
  8464 | D:7      | Noticed a hippogriff
  8467 | D:7      | Noticed a hippogriff
  8468 | D:7      | Killed a hippogriff
  8468 | D:7      | Reached XP level 9. HP: 54/54 MP: 0/18
  8805 | D:7      | Noticed Menkaure
  8971 | D:6      | Killed Dowan
  8972 | D:6      | Killed Duvessa
  9466 | D:6      | Found a staircase to the Ecumenical Temple.
  9484 | Temple   | Entered the Ecumenical Temple
  9677 | Temple   | Became a worshipper of Vehumet
  9975 | D:7      | Killed Menkaure
 10167 | D:7      | Noticed Harold
 10201 | D:6      | Killed Harold
 10201 | D:6      | Reached skill level 10 in Air Magic
 10201 | D:6      | Reached XP level 10. HP: 30/61 MP: 0/20
 11194 | D:7      | Found a deep blue altar of Sif Muna.
 11255 | D:8      | Noticed a two-headed ogre
 11306 | D:8      | Found a staircase to the Lair.
 11500 | Lair:1   | Entered Level 1 of the Lair of Beasts
 11964 | Lair:1   | Reached * piety under Vehumet
 11964 | Lair:1   | Offered knowledge of Sandblast by Vehumet.
 11964 | Lair:1   | Reached skill level 10 in Conjurations
 12172 | Lair:1   | Noticed Urug
 12323 | Lair:1   | Noticed a spiny frog
 12341 | Lair:1   | Killed a spiny frog
 12349 | Lair:1   | Noticed an eight-headed hydra
 12557 | Lair:1   | Killed an eight-headed hydra
 12557 | Lair:1   | Reached skill level 5 in Dodging
 12557 | Lair:1   | Reached XP level 11. HP: 61/69 MP: 6/24
 12666 | Lair:1   | Noticed a six-headed hydra
 12722 | Lair:1   | Killed a six-headed hydra
 13908 | Lair:1   | Killed Urug
 14316 | Lair:2   | HP: 3/71 [spiny frog (17)]
 14318 | Lair:2   | Offered knowledge of Throw Frost by Vehumet.
 14424 | Lair:2   | Identified a scroll of acquirement
 14425 | Lair:2   | Slain by a swamp worm

Skill      XL: |  1  2  3  4  5  6  7  8  9 10 11 |
---------------+----------------------------------+-----
Fighting       | 1 2 3 4 5 6 8 9 |  9.5
Air Magic      | 5 6 7 8 10 | 10.1
Conjurations   | 2 3 4 5 7 9 10 | 10.0
Spellcasting   | 3 4 5 6 8 |  8.1
Dodging        | 5 7 |  7.0
Stealth        | |  2.0

Action                   |  1- 3 |  4- 6 |  7- 9 | 10-12 || total
-------------------------+-------+-------+-------+-------++-------
Melee: Kick              |     1 |    11 |     8 |     5 ||    25
       Unarmed           |     1 |       |       |       ||     1
       Dagger            |       |    50 |    47 |    33 ||   130
       Peck              |       |     9 |     6 |     3 ||    18
 Cast: Shock             |    73 |   159 |   205 |   136 ||   573
       Airstrike         |       |     2 |    28 |    31 ||    61
       Lightning Bolt    |       |       |     8 |    10 ||    18
 Abil: Fly               |       |     1 |       |       ||     1
  Use: Scroll            |       |     9 |     2 |    10 ||    21
       Potion            |       |       |       |     6 ||     6
 Stab: Sleeping          |       |     2 |     3 |     2 ||     7
  Eat: Chunk             |     2 |     9 |    13 |     6 ||    30
       Ration            |       |     1 |     3 |     3 ||     7
Armor: Robe              |     4 |     8 |    14 |       ||    26
       Leather armour    |       |       |     4 |    26 ||    30
Dodge: Dodged            |     6 |    49 |    90 |    71 ||   216
